 Dungeon Crawl Stone Soup version 0.15-a0-881-g6f76ed4 (webtiles) character file.

4 zercules the Sneak (level 1, -1/11 HPs)
             Began as a Vine Stalker Assassin on May 17, 2014.
             Slain by a jackal (3 damage)
             ... on Level 1 of the Dungeon.
             The game lasted 00:00:38 (72 turns).

zercules the Sneak (Vine Stalker Assassin)            Turns: 72, Time: 00:00:38

HP  -1/11        AC  3     Str 13      XL: 1   Next: 70%
MP   0/1         EV 11     Int 11      God:
Gold 0           SH  0     Dex 15      Spells:  0 memorised,  0 levels left

rFire  . . .     SeeInvis .     a - +2 dagger
rCold  . . .     Clarity  .     c - +0 robe
rNeg   . . .     Conserve .     (no shield)
rPois  .         rCorr    .     (no helmet)
rElec  .         rRot     +     d - +0 cloak
SustAb .         Spirit   +     (no gloves)
rMut   .         Warding  .     (no boots)
Gourm  .         Stasis   .     (no amulet)
MR     .....                    (no ring)
                                (no ring)

@: not resistant to hostile enchantments, fairly stealthy
A: fangs 2, regeneration 1, magic shield, antimagic bite, no device heal 2
a: no special abilities


You were on level 1 of the Dungeon.
You were not hungry.

You visited 1 branch of the dungeon, and saw 1 of its levels.

Inventory:

Hand weapons
 a - a +2,+2 dagger (weapon)
 b - a +0 blowgun
Missiles
 e - 8 poisoned needles
 f - 2 curare-tipped needles
Armour
 c - a +0 robe (worn)
 d - a +0 cloak (worn)
Comestibles
 g - a bread ration
Scrolls
 h - a scroll of remove curse {unknown}
 i - a scroll of amnesia {unknown}


   Skills:
 - Level 1.7 Fighting
 + Level 2.0 Short Blades
 - Level 1.7 Throwing
 - Level 0.7 Dodging
 + Level 5.0 Stealth


You couldn't memorise any spells.
You didn't know any spells.

Dungeon Overview and Level Annotations

Branches:
Dungeon (1/15)

Altars:


Innate Abilities, Weirdness & Mutations

You are immune to rotting.
You have extremely sharp teeth.
Your natural rate of healing is unusually fast.
When hurt, damage is shared between your health and your magic reserves.
Your bite disrupts and absorbs the magic of your enemies.
Potions and wands cannot restore your health.


Message History

Welcome, zercules the Vine Stalker Assassin.
The bosom of this dungeon contains the most powerful artefact, the Orb of Zot.
Found a scroll labeled KUUZUI HURU.
Found a staircase leading out of the dungeon.
h - a scroll labeled KUUZUI HURU
i - a scroll labeled DOUPUE DITA A giant cockroach comes into view.
Spoiler Alert: The giant cockroach (sleeping) is fast!
The helpless giant cockroach fails to defend itself.
You slice the giant cockroach!!
You kill the giant cockroach!
A jackal comes into view.
Spoiler Alert: The jackal (wandering) is fast!
Found a stone staircase leading down.
Spoiler Alert: The jackal is fast!
You hit the jackal.
You kill the jackal!
You see here a jackal corpse.
A hobgoblin comes into view. It is wielding a club.
A jackal comes into view.
A jackal comes into view.
Warning x2: The jackal (wandering) is fast! x2
The hobgoblin shouts!
The jackal completely misses you.
Warning x2: The jackal is fast! x2
The jackal barely misses you.
You barely miss the hobgoblin. You bite the hobgoblin. You drain its power.
The hobgoblin barely misses you.
You barely miss the hobgoblin. Your bite misses the hobgoblin.
The hobgoblin hits you but does no damage.
You hit the hobgoblin. The hobgoblin hits you with a club.
You take 5 damage, and have 6/11 hp.
MASSIVE DAMAGE!!
Warning x2: The jackal is fast! x2
You are too injured to fight recklessly!
You barely miss the hobgoblin. The hobgoblin completely misses you.
A goblin comes into view. It is wielding a dagger.
You closely miss the hobgoblin. Your bite misses the hobgoblin.
You hit the hobgoblin.
You kill the hobgoblin!
Your Short Blades skill increases to level 2!
Your Stealth skill increases to level 5!
The jackal bites you.
You take 1 damage, and have 5/11 hp.
Danger: You now have 0/1 mp.
Warning x2: The jackal is fast! x2
You miss the jackal. You closely miss the jackal.
You bite the jackal, but do no damage.
The goblin drinks a potion.
The goblin seems to speed up.
The jackal closely misses you. The jackal barely misses you.
You completely miss the jackal. Your bite misses the jackal.
The jackal bites you but does no damage.
The jackal bites you.
The jackal bites you but does no damage.
You take 2 damage, and have 4/11 hp.
Warning x2: The jackal is fast! x2
You hit the jackal. The jackal bites you.
* * * LOW HITPOINT WARNING * * *
The jackal barely misses you.
You take 3 damage, and have 1/11 hp.
MASSIVE DAMAGE!!
You aren't carrying any potions.
Warning x2: The jackal is fast! x2
You hit the jackal.
You kill the jackal!
The jackal barely misses you.
The jackal bites you but does no damage.
The jackal misses you. The jackal bites you.
You die...

#.# # ##.## ..#
#.##...### #.#
....!.% #.#
####...####... #.#
#............. #.#
#.....######..
#.#.# #.###g#
#.#.# #.>@h.#
#.#.# #.%####
#.#.####..#####
#.#...........#
#.##............
#.#.............
###..........##.#.
#................
#.#.(%..........


You could see a jackal and a goblin.

Vanquished Creatures
  A giant cockroach (D:1)
  A hobgoblin (D:1)
  2 jackals (D:1)
4 creatures vanquished.

Notes
Turn   | Place    | Note
--------------------------------------------------------------
     0 | D:1      | zercules, the Vine Stalker Assassin, began the quest for the Orb.
     0 | D:1      | Reached XP level 1. HP: 11/11 MP: 1/1
    65 | D:1      | Reached skill level 2 in Short Blades
    65 | D:1      | Reached skill level 5 in Stealth
    69 | D:1      | HP: 1/11 [jackal (3)]
    72 | D:1      | Slain by a jackal

Action                   || total
-------------------------++-------
Melee: Dagger            ||    13
 Stab: Sleeping          ||     1

Vault maps used:
D:1:      minmay_arrival_loop

Table legend:
 A = Turns spent in this place as a percentage of turns spent in the entire game.
 B = Non-inter-level travel turns spent in this place as a percentage of non-inter-level travel turns spent in the entire game.
 C = Inter-level travel turns spent in this place as a percentage of turns spent in this place.
 D = Turns resting spent in this place as a percentage of non-inter-level travel turns spent in this place.
 E = Turns spent auto-exploring this place as a percentage of non-inter-level travel turns spent in this place.
 F = Non-inter-level travel turns spent in this place divided by the number of levels of this place that you've seen.
                   A       B       C       D       E      F
               +-------+-------+-------+-------+-------+----------------------
         Total | 100.0 | 100.0 |   0.0 |   0.0 |  13.5 |  37.0
       Dungeon | 100.0 | 100.0 |   0.0 |   0.0 |  13.5 |  37.0
               +-------+-------+-------+-------+-------+----------------------

Table legend:
 A = Kills in this place as a percentage of kills in entire the game.
 B = Kills by you in this place as a percentage of kills by you in the entire game.
 C = Kills by friends in this place as a percentage of kills by friends in the entire game.
 D = Other kills in this place as a percentage of other kills in the entire game.
 E = Experience gained in this place as a percentage of experience gained in the entire game.
 F = Experience gained in this place divided by the number of levels of this place that you have seen.
                   A       B       C       D       E      F
               +-------+-------+-------+-------+-------+----------------------
         Total | 100.0 | 100.0 |  -nan |  -nan | 100.0 |   7.0
       Dungeon | 100.0 | 100.0 |  -nan |  -nan | 100.0 |   7.0
               +-------+-------+-------+-------+-------+----------------------
